 Dungeon Crawl Stone Soup version 0.13-a0-2060-gccfd96d (webtiles) character file.

411 Duskembrace the Magician (level 5, -1/33 HPs)
             Began as a Mummy Wizard on June 26, 2013.
             Slain by a water moccasin (8 damage)
             ... on Level 4 of the Dungeon.
             The game lasted 00:18:25 (3595 turns).

Duskembrace the Magician (Mummy Wizard)             Turns: 3595, Time: 00:18:26

HP  -1/33        AC  5     Str 10      XL: 5   Next: 62%
MP   6/14        EV 12     Int 18      God:
Gold 194         SH  0     Dex 10      Spells:  4 memorised,  6 levels left

Res.Fire  : x . .   See Invis. : .   m - +1,+3 dwarf dagger (venom)
Res.Cold  : + . .   Warding    : .   a - +0 robe
Life Prot.: + + +   Conserve   : .   (no shield)
Res.Poison: +       Res.Corr.  : .   b - +0 wizard hat
Res.Elec. : .       Clarity    : .   (no cloak)
Sust.Abil.: . .     Spirit.Shd : .   n - +0 pair of gauntlets
Res.Mut.  : .       Stasis     : .   f - +1 pair of boots {Stlth+}
Res.Rott. : +       Flight     : .   (no amulet)
Saprovore : . . .                    (no ring)
                                     (no ring)

@: slightly resistant to hostile enchantments, stealthy
A: no food or potions, fire vulnerability, restore body, cold resistance 1, life
protection 3, poison resistance, torment resistance, unbreathing
a: no special abilities


You were on level 4 of the Dungeon.
You were not hungry.

You visited 1 branch of the dungeon, and saw 4 of its levels.

You collected 174 gold pieces.

Inventory:

Hand weapons
 i - a +0,+0 club (quivered)
 m - a +1,+3 dwarven dagger of venom (weapon)
Armour
 a - a +0 robe (worn)
 b - a +0 wizard hat (worn)
 f - a +1 pair of boots of stealth (worn)
 n - a +0 pair of gauntlets (worn)
 o - the +2 buckler of the Swan {Acc+2, unknown}
   (You found it on level 4 of the Dungeon)

   It affects your accuracy (+2).
Scrolls
 d - a scroll of random uselessness {unknown}
 e - a scroll of noise {unknown}
 g - 2 scrolls of remove curse {unknown}
 h - 2 scrolls of fog {unknown}
 j - 5 scrolls of identify {unknown}
 k - 3 scrolls of teleportation {unknown}
 l - a scroll of enchant weapon II {unknown}
 p - a scroll of fear {unknown}
Books
 c - a book of Minor Magic

   Spells                             Type                      Level
   *Magic Dart                        Conjuration                  1
   *Blink                             Translocation                2
   *Call Imp                          Summoning                    2
   *Repel Missiles                    Charms/Air                   2
   Slow                               Hexes                        2
   Conjure Flame                      Conjuration/Fire             3
   Mephitic Cloud                     Conjuration/Poison/Air       3


   Skills:
 - Level 1.5 Dodging
 - Level 1.5 Stealth
 + Level 4.7 Spellcasting
 + Level 1.0 Conjurations
 * Level 3.1 Summonings
 + Level 0.7 Translocations


You had 6 spell levels left.
You knew the following spells:

 Your Spells              Type           Power        Failure   Level  Hunger
a - Magic Dart            Conj           #...         12%         1    N/A
b - Call Imp              Summ           ###.......   8%          2    N/A
c - Repel Missiles        Chrm/Air       #.........   21%         2    N/A
d - Blink                 Tloc           N/A          17%         2    N/A

Dungeon Overview and Level Annotations

Branches:
Dungeon (4/27)
 Temple: D:4-7

Altars:
Fedhas
Makhleb
Okawaru
Trog

Annotations
D:4 Dowan


Innate Abilities, Weirdness & Mutations

You do not eat or drink.
Your flesh is vulnerable to fire.
Your flesh is cold resistant.
You are immune to negative energy.
Your system is resistant to poisons.
You are immune to unholy pain and torment.
You can survive without breathing.


Message History

Your crimson imp blinks!
The water moccasin bites you.
* * * LOW HITPOINT WARNING * * *
Your shadow imp barely misses the water moccasin.
Your crimson imp blinks!
The water moccasin bites you.
* * * LOW HITPOINT WARNING * * *
Your crimson imp disappears in a puff of smoke!
Your crimson imp barely misses the water moccasin.
Your crimson imp blinks!
The water moccasin bites you but does no damage.
The water moccasin bites you.
* * * LOW HITPOINT WARNING * * *
Casting: Call Imp
Confirm with . or Enter, or press ? or * to list all spells.
A beastly little devil appears in a puff of flame.
The water moccasin closely misses you.
Your shadow imp hits the water moccasin.
The water moccasin bites you!
You die...

......#........# .....<.#
#######..#.#### .......#
###..#.# #......#
#....#.########......##
#.........5...%.........
#.......5......ยง........
#####.##.....######.>....##.
#...........5######......#
...........).55S@.5.######
...!.........########
#......#.....#
#......#.....#
#......#.....#
#......####### #......#
#......# #......#


You could see a water moccasin, 3 friendly crimson imps and a friendly shadow
imp.

Vanquished Creatures
  3 giant geckos
  A ball python (D:2)
  2 bats
  2 giant cockroaches
  5 hobgoblins
  4 jackals
  3 kobolds
  A quokka (D:4)
  3 giant newts
  3 goblins
  4 rats
31 creatures vanquished.

Vanquished Creatures (collateral kills)
  Prince Ribbit (D:4)
  A worker ant (D:4)
  An adder (D:2)
  A giant mite (D:3)
  5 worms
  A giant gecko (D:2)
  An orc (D:3)
  2 bats (D:1)
  4 goblins
  3 hobgoblins
  6 jackals
  2 quokkas
  A giant newt (D:3)
  A kobold (D:4)
  4 rats
34 creatures vanquished.

Vanquished Creatures (others)
  A crimson imp (D:4)
  3 white imps
4 creatures vanquished.

Grand Total: 69 creatures vanquished

Notes
Turn   | Place    | Note
--------------------------------------------------------------
     0 | D:1      | Duskembrace, the Mummy Wizard, began the quest for the Orb.
     0 | D:1      | Reached XP level 1. HP: 11/11 MP: 5/5
   454 | D:1      | Reached XP level 2. HP: 17/17 MP: 1/7
   458 | D:1      | Learned a level 2 spell: Call Imp
   461 | D:1      | Learned a level 2 spell: Repel Missiles
   464 | D:1      | Learned a level 2 spell: Blink
   935 | D:1      | Reached skill level 1 in Conjurations
  1138 | D:2      | Reached skill level 1 in Summonings
  1276 | D:2      | Reached XP level 3. HP: 20/22 MP: 6/9
  1822 | D:2      | Found an iron altar of Okawaru.
  2235 | D:2      | Found a bloodstained altar of Trog.
  2239 | D:2      | Found a burning altar of Makhleb.
  2243 | D:2      | Found a blossoming altar of Fedhas.
  2738 | D:3      | Reached skill level 4 in Spellcasting
  3136 | D:3      | Reached XP level 4. HP: 25/28 MP: 9/12
  3180 | D:4      | Noticed Dowan
  3202 | D:4      | Got a jewelled buckler
  3326 | D:4      | Noticed Prince Ribbit
  3356 | D:4      | Killed Prince Ribbit
  3356 | D:4      | Reached XP level 5. HP: 17/33 MP: 1/14
  3573 | D:4      | Noticed a water moccasin
  3595 | D:4      | Slain by a water moccasin

Action                   |  1- 3 |  4- 6 || total
-------------------------+-------+-------++-------
Melee: Unarmed           |    26 |       ||    26
       Club              |    45 |       ||    45
       Dagger            |     8 |    30 ||    38
 Cast: Magic Dart        |    20 |       ||    20
       Call Imp          |    56 |    25 ||    81
 Stab: Sleeping          |     4 |       ||     4
       Distracted        |     1 |       ||     1
